 Dungeon Crawl Stone Soup version 0.23-a0-305-g7ffd15e (webtiles) character file.

618 epen the Insei (level 7, 0/52 HPs)
             Began as a Gnoll Transmuter on Oct 9, 2018.
             Slain by a quasit (2 damage)
             ... on level 5 of the Dungeon.
             The game lasted 00:11:29 (4833 turns).

epen the Insei (Gnoll Transmuter)                   Turns: 4833, Time: 00:11:29

Health: 0/52       AC:  2    Str: 17      XL:     7   Next: 45%
Magic:  4/8        EV: 13    Int: 13 (15) God:
Gold:   144        SH:  0    Dex:  6 (19) Spells: 10/17 levels left

rFire    + . .     SeeInvis .   e - +0 flail (antimagic)
rCold    . . .     Gourm    .   (no shield)
rNeg     . . .     Faith    .   q - +0 robe "Suosal Nane" {-Tele rF+ MP+9 Str+3} (curse)
rPois    .         Spirit   .   (no helmet)
rElec    .         Reflect  .   (no cloak)
rCorr    .         Harm     .   (no gloves)
MR       .....     NoTele   +   (no boots)
Stlth    ++........             (no amulet)
HPRegen  0.17/turn              d - +3 ring of dexterity
MPRegen  0.11/turn              l - ring of wizardry

@: no status effects
A: distributed training, fangs 1, strong nose
a: no special abilities


You were on level 5 of the Dungeon.
You were not hungry.

You visited 1 branch of the dungeon, and saw 5 of its levels.

You collected 144 gold pieces.

Inventory:

Hand Weapons
 e - a +0 antimagic flail (weapon)
 f - a +2 whip of flaming
 k - a +3 dagger
Missiles
 a - 55 arrows
Armour
 b - a +0 robe
 h - a +0 ring mail
 q - the cursed +0 robe "Suosal Nane" (worn) {-Tele rF+ MP+9 Str+3}
   (You found it on level 4 of the Dungeon)

   It affects your strength (+3).
   It protects you from fire.
   It affects your magic capacity (+9).
   It prevents most forms of teleportation.
   It has a curse placed upon it.
Jewellery
 d - a +3 ring of dexterity (left hand)
 l - a ring of wizardry (right hand)
Wands
 i - a wand of disintegration (15)
 j - a wand of random effects (22)
Scrolls
 g - a scroll of blinking
 m - a scroll of random uselessness {unknown}
 n - 2 scrolls of remove curse
 o - 3 scrolls of identify
 p - a scroll of enchant armour {unknown}
 r - 2 scrolls of magic mapping {unknown}
Potions
 s - a potion of heal wounds {unknown}
 t - a potion of magic {unknown}
Comestibles
 c - 4 rations


   Skills:
 + Level 3.6 Fighting
 + Level 2.4 Short Blades
 + Level 2.4 Long Blades
 + Level 2.4 Axes
 + Level 2.4 Maces & Flails
 + Level 2.4 Polearms
 + Level 2.4 Staves
 + Level 2.4 Slings
 + Level 2.4 Bows
 + Level 2.4 Crossbows
 + Level 2.4 Throwing
 + Level 2.4 Armour
 + Level 5.2 Dodging
 + Level 2.4 Stealth
 + Level 2.4 Shields
 + Level 7.0 Unarmed Combat
 + Level 5.6 Spellcasting
 + Level 2.0 Conjurations
 + Level 2.0 Hexes
 + Level 2.0 Charms
 + Level 2.0 Summonings
 + Level 2.0 Necromancy
 + Level 2.0 Translocations
 + Level 4.3 Transmutations
 + Level 2.0 Fire Magic
 + Level 2.0 Ice Magic
 + Level 2.0 Air Magic
 + Level 2.0 Earth Magic
 + Level 2.0 Poison Magic
 + Level 2.7 Invocations
 + Level 2.4 Evocations


You had 10 spell levels left.
You knew the following spells:

 Your Spells              Type           Power        Failure   Level  Hunger
a - Blade Hands           Tmut           ##........   32%         5    ######.
b - Sticks to Snakes      Tmut           ##......     1%          2    ##.....

Your spell library contained the following spells:

 Spells                   Type           Power        Failure   Level  Hunger
 Beastly Appendage        Tmut           ##....       1%          1    None
 Spider Form              Tmut/Pois      ##........   6%          3    ###....
 Ice Form                 Ice/Tmut       ##......     19%         4    ####...


Dungeon Overview and Level Annotations

Branches:
Dungeon (5/15)
 Temple: D:4-7

Altars:
Elyvilon
Makhleb
Vehumet

Shops:
D:4 (

Annotations:
D:4 2 runed doors, Amnesiac's ghost, amateur TrEE
D:5 Duvessa


Innate Abilities, Weirdness & Mutations

Your experience applies equally to all skills.
You have very sharp teeth.
Your uncanny sense of smell can sniff out nearby items.


Message History

Found a stone staircase leading down.
The frilled lizard hisses angrily.
The quasit barely misses you. The quasit closely misses you. x2
Your magical contamination has completely faded away.
You cannot blink because you are wearing the cursed +0 robe "Suosal Nane" You closely miss the frilled lizard.
The quasit bites you.
* * * LOW HITPOINT WARNING * * *
You feel clumsy.
The quasit closely misses you. x2; The frilled lizard closely misses you.
The quasit bites you but does no damage.
The quasit claws you.
* * * LOW HITPOINT WARNING * * *
The quasit barely misses you.
You cannot blink because you are wearing the cursed +0 robe "Suosal Nane" You miss the frilled lizard.
The frilled lizard bites you.
* * * LOW HITPOINT WARNING * * *
The quasit bites you.
* * * LOW HITPOINT WARNING * * *
The quasit claws you.
You die...

#..........#
###########..........#
.?......#............#
...........#........##
.........####.......#
.........# #......##
..........# ##.....#
..........# #..5.##
..........# ##.@.#
..........# #.l.#
.......... ##.## ##.
.# ># ##


You could see a quasit and a frilled lizard.

Vanquished Creatures
  Menkaure (D:5)
  Dowan (D:5)
  An orc wizard (D:4)
  2 orc priests (D:4)
  A hound (D:4)
  2 bullfrog skeletons (D:4)
  An iguana (D:5)
  Ijyb (D:3)
  10 adders
  4 gnolls (D:3)
  2 oozes
  An adder skeleton (D:4)
  5 dart slugs
  2 leopard geckos
  8 orcs
  5 giant cockroaches
  8 goblins
  3 hobgoblins
  3 jackals (D:1)
  11 kobolds
  A quokka (D:3)
  A ball python (D:3)
  4 bats
  3 frilled lizards
  A jackal zombie (D:5)
  8 rats
90 creatures vanquished.

Notes
Turn   | Place    | Note
-------+----------+-------------------------------------------
     0 | D:1      | epen the Gnoll Transmuter began the quest for the Orb.
     0 | D:1      | Reached XP level 1. HP: 17/17 MP: 6/6
    19 | D:1      | Reached XP level 2. HP: 20/23 MP: 7/7
   165 | D:1      | Learned a level 2 spell: Sticks to Snakes
   226 | D:1      | Reached XP level 3. HP: 9/28 MP: 9/9
   228 | D:1      | Reached skill level 5 in Spellcasting
   645 | D:1      | Reached skill level 1 in Invocations
  1037 | D:2      | Reached skill level 1 in Short Blades
  1037 | D:2      | Reached skill level 1 in Long Blades
  1037 | D:2      | Reached skill level 1 in Axes
  1037 | D:2      | Reached skill level 1 in Maces & Flails
  1037 | D:2      | Reached skill level 1 in Polearms
  1037 | D:2      | Reached skill level 1 in Staves
  1037 | D:2      | Reached skill level 1 in Slings
  1037 | D:2      | Reached skill level 1 in Bows
  1037 | D:2      | Reached skill level 1 in Crossbows
  1037 | D:2      | Reached skill level 1 in Throwing
  1037 | D:2      | Reached skill level 1 in Armour
  1037 | D:2      | Reached skill level 1 in Stealth
  1037 | D:2      | Reached skill level 1 in Shields
  1037 | D:2      | Reached skill level 1 in Evocations
  1037 | D:2      | Reached XP level 4. HP: 29/34 MP: 11/11
  1102 | D:2      | Found a burning altar of Makhleb.
  1830 | D:3      | Reached skill level 1 in Conjurations
  1830 | D:3      | Reached skill level 1 in Hexes
  1830 | D:3      | Reached skill level 1 in Charms
  1830 | D:3      | Reached skill level 1 in Summonings
  1830 | D:3      | Reached skill level 1 in Necromancy
  1830 | D:3      | Reached skill level 1 in Translocations
  1830 | D:3      | Reached skill level 1 in Fire Magic
  1830 | D:3      | Reached skill level 1 in Ice Magic
  1830 | D:3      | Reached skill level 1 in Air Magic
  1830 | D:3      | Reached skill level 1 in Earth Magic
  1830 | D:3      | Reached skill level 1 in Poison Magic
  1944 | D:3      | Found a radiant altar of Vehumet.
  2227 | D:3      | Reached XP level 5. HP: 36/40 MP: 8/12
  2361 | D:3      | Noticed Ijyb
  2372 | D:3      | Killed Ijyb
  3082 | D:4      | Found Kosoilil's Antique Weapon Shoppe.
  3187 | D:4      | Reached XP level 6. HP: 36/47 MP: 4/13
  3498 | D:4      | Reached skill level 5 in Dodging
  3588 | D:4      | Found a large runed door.
  3588 | D:4      | Found a large runed door.
  3590 | D:4      | Noticed Amnesiac's ghost (amateur TrEE)
  3874 | D:4      | Found a white marble altar of Elyvilon.
  3891 | D:4      | Got a smoking robe
  3902 | D:4      | Identified the cursed +0 robe "Suosal Nane" {-Tele rF+ MP+9
                  | Str+3} (You found it on level 4 of the Dungeon)
  3902 | D:4      | namelastname112: ??fuc da suc
  3902 | D:4      | beem: fuc da suc ~ fuk da sac[1/25]: http://bit.ly/1bHFx6X
  4044 | D:5      | Entered Level 5 of the Dungeon
  4361 | D:5      | Reached XP level 7. HP: 52/52 MP: 8/15
  4363 | D:5      | Noticed Dowan
  4364 | D:5      | Noticed Duvessa
  4420 | D:5      | Killed Dowan
  4584 | D:4      | Learned a level 5 spell: Blade Hands
  4641 | D:5      | Noticed Menkaure
  4650 | D:5      | Killed Menkaure
  4650 | D:5      | Reached skill level 7 in Unarmed Combat
  4833 | D:5      | HP: 2/52 [quasit (1)]
  4833 | D:5      | Slain by a quasit

Vault maps used:
D:1:      dpeg_arrival_central
D:2:      first_ration, bloody_makhleb
D:3:      vehumet_crystals, uniq_ijyb
D:4:      ebering_ghost_disaster_area, serial_shops, shop, elyvilon_altar_1
D:5:      temple_statues, lexackson_kobold_supper, uniq_menkaure,
          uniq_crazy_yiuf_cottage, uniq_blork_the_orc, uniq_duvessa

Skill      XL: |  1  2  3  4  5  6  7 |
---------------+----------------------+-----
Spellcasting   | 5 |  5.6
Invocations    | 1 2 |  2.7
Short Blades   | 1 2 |  2.4
Long Blades    | 1 2 |  2.4
Axes           | 1 2 |  2.4
Maces & Flails | 1 2 |  2.4
Polearms       | 1 2 |  2.4
Staves         | 1 2 |  2.4
Slings         | 1 2 |  2.4
Bows           | 1 2 |  2.4
Crossbows      | 1 2 |  2.4
Throwing       | 1 2 |  2.4
Armour         | 1 2 |  2.4
Stealth        | 1 2 |  2.4
Shields        | 1 2 |  2.4
Evocations     | 1 2 |  2.4
Conjurations   | 1 2 |  2.0
Hexes          | 1 2 |  2.0
Charms         | 1 2 |  2.0
Summonings     | 1 2 |  2.0
Necromancy     | 1 2 |  2.0
Translocations | 1 2 |  2.0
Fire Magic     | 1 2 |  2.0
Ice Magic      | 1 2 |  2.0
Air Magic      | 1 2 |  2.0
Earth Magic    | 1 2 |  2.0
Poison Magic   | 1 2 |  2.0
Fighting       | 3 |  3.6
Transmutations | 4 |  4.3
Dodging        | 5 |  5.2
Unarmed Combat | 7 |  7.0

Action                   |  1- 3 |  4- 6 |  7- 9 || total
-------------------------+-------+-------+-------++-------
Melee: Unarmed           |    26 |       |     2 ||    28
       Bite              |     5 |    22 |     2 ||    29
       Whip              |    48 |    62 |       ||   110
       Punch             |     3 |     7 |     2 ||    12
       Flail             |       |   134 |    41 ||   175
 Cast: Sticks to Snakes  |       |     2 |     1 ||     3
       Blade Hands       |       |       |     1 ||     1
  Use: Scroll            |       |     7 |     1 ||     8
       Potion            |       |     2 |     2 ||     4
 Stab: Sleeping          |     1 |     3 |       ||     4
  Eat: Chunk             |       |    10 |       ||    10
       Ration            |       |     1 |       ||     1
Armor: Robe              |     2 |     1 |    36 ||    39
       Ring mail         |    10 |    49 |       ||    59
Dodge: Dodged            |    53 |   148 |    94 ||   295

Table legend:
 A = Non-vault XP
 B = Vault XP
 C = Vault XP percentage of total XP
 D = Non-vault monster count
 E = Vault monster count
 F = Vault count percentage of total count
                 A         B        C        D         E       F
            +---------+---------+-------+---------+---------+-------
      Total |     609 |     274 |  31.0 |      87 |       3 |   3.3
            +---------+---------+-------+---------+---------+-------
        D:1 |      61 |       0 |   0.0 |      28 |       0 |   0.0
        D:2 |      48 |       0 |   0.0 |      15 |       0 |   0.0
        D:3 |     125 |      35 |  21.9 |      21 |       1 |   4.5
        D:4 |     332 |       0 |   0.0 |      20 |       0 |   0.0
        D:5 |      43 |     239 |  84.8 |       3 |       2 |  40.0
            +---------+---------+-------+---------+---------+-------
